 Dungeon Crawl Stone Soup version 0.26-a0-466-g989023bd0d (webtiles) character file.

Game seed: 10956836808811252835

949 bulangja the Chopper (level 8, -3/54 HPs)
             Began as an Octopode Fighter on Aug 11, 2020.
             Was an Initiate of Cheibriados.
             Slain by Pikel
             ... wielding a +1 whip of flaming
              (5 damage)
             ... on level 6 of the Dungeon.
             The game lasted 00:08:16 (5681 turns).

bulangja the Chopper (Octopode Fighter)             Turns: 5681, Time: 00:08:16

Health: -3/54      AC:  1    Str: 18    XL:     8   Next: 13%
Magic:  7/9        EV: 12    Int: 12    God:    Cheibriados [......]
Gold:   242        SH:  9    Dex: 12    Spells: 7/7 levels left

rFire    + . .     SeeInvis .   E - +0 broad axe
rCold    . . .     Faith    .   b - +0 kite shield
rNeg     . . .     Spirit   .   (helmet restricted)
rPois    .         Reflect  .   d - amulet of the acrobat
rElec    .         Harm     .   s - ring of protection from fire
rCorr    .                      (no ring)
MR       .....                  (no ring)
Stlth    +++.......             (no ring)
HPRegen  0.18/turn              (no ring)
MPRegen  0.11/turn              (no ring)
                                (no ring)
                                (no ring)

@: mighty, very slow
A: almost no armour, stealthy swim, amphibious, 8 rings, constrict 8, camouflage
1, gelatinous body 1
a: Bend Time, Renounce Religion


You were on level 6 of the Dungeon.
You worshipped Cheibriados.
Cheibriados was noncommittal.
You visited 2 branches of the dungeon, and saw 7 of its levels.

You collected 294 gold pieces.
You spent 52 gold pieces at shops.

Inventory:

Hand Weapons
 a - a +0 war axe
 E - a +0 broad axe (weapon)
Missiles
 g - 7 boomerangs (quivered)
 B - 12 curare-tipped darts
Armour
 b - a +0 kite shield (worn)
Jewellery
 d - an amulet of the acrobat (around mantle)
 s - a ring of protection from fire (left tentacle)
 u - an uncursed amulet of regeneration {unknown}
 A - an uncursed amulet of guardian spirit {unknown}
Wands
 q - a wand of random effects (23)
 F - a wand of digging (2)
Scrolls
 f - 7 scrolls of identify {unknown}
 k - 2 scrolls of enchant armour {unknown}
 l - 5 scrolls of teleportation {unknown}
 m - a scroll of noise {unknown}
 n - 3 scrolls of random uselessness {unknown}
 p - 3 scrolls of remove curse
 r - a scroll of blinking {unknown}
 y - a scroll of magic mapping {unknown}
 D - 2 scrolls of amnesia {unknown}
Potions
 c - a potion of might
 e - 2 potions of stabbing {unknown}
 i - a potion of degeneration {unknown}
 j - 2 potions of lignification {unknown}
 o - 3 potions of magic {unknown}
 t - 3 potions of curing {unknown}
 v - a potion of haste
 w - a potion of berserk rage {unknown}
 x - a potion of mutation {unknown}
 z - a potion of flight {unknown}
 C - a potion of ambrosia {unknown}


   Skills:
 + Level 4.9 Fighting
 + Level 7.1 Axes
 + Level 4.4 Dodging
 - Level 1.2 Stealth
 - Level 3.2 Shields
 * Level 2.1 Invocations


You had 7 spell levels left.
You didn't know any spells.
Your spell library was empty.

Dungeon Overview and Level Annotations

Branches:
Dungeon (6/15)             Temple (1/1) D:5

Altars:
Ashenzari
Cheibriados
Dithmenos
Elyvilon
Fedhas
Gozag
Kikubaaqudgha
Makhleb
Nemelex Xobeh
Okawaru
Qazlal
Ru
Sif Muna
Uskayaw
Vehumet
Xom
Zin
The Shining One

Shops:
D:5 (

Annotations:
D:3 3 runed translucent doors, SatoMori's ghost, amateur GnCj; Superazbuka's ghost, amateur DEEE; p0werm0de's ghost, weakling DDFi; vurker's ghost, amateur MiHu
D:4 3 runed translucent doors, Somebody's ghost, amateur PaWz
D:6 Pikel


Innate Abilities, Weirdness & Mutations

You cannot wear most types of armour.
You are very stealthy in the water. (Stealth+)
You are amphibious.
You can wear up to eight rings at the same time.
You can use your tentacles to constrict eight enemies at once.
Your skin changes colour to match your surroundings (Stealth+).
Your rubbery body absorbs attacks. (AC +1, EV +1)


Message History

* * * LOW HITPOINT WARNING * * *
The orc misses you.
You release your grip on Pikel.
A centaur skeleton comes into view.
Pikel misses you. You block the lemure's attack. The lemure barely misses you.
You block Pikel's attack. You block Pikel's attack.
You barely miss Pikel. You grab Pikel.
Pikel is moderately wounded.
You constrict Pikel. You block Pikel's attack.
Pikel hits you with a +1 whip of flaming!
* * * LOW HITPOINT WARNING * * *
Pikel burns you.
* * * LOW HITPOINT WARNING * * *
Okay, then.
You slash Pikel!
Pikel is severely wounded.
You constrict Pikel, but do no damage.
Pikel hits you with a +1 whip of flaming.
You die...

##.#.#.#...###5# #
#...>.......##.##.##..
#.##.###)......)......
#.# #.#..##)#####..
#.# #.#.Z...#
#.###...5...#
#..#...55Z).#
##.#.###K#..# #.#.#
#@#..# #.#.# #....# #
##.#.# #.##.#
#.##.#..###.# .#
#...###.....# .#
####.#..###.# .#
##.#.# #.# .#
#.#.###.##.####
#.#............


You could see Pikel (fast), 3 lemures, a howler monkey zombie and a centaur
skeleton.

Vanquished Creatures
  Maggie (D:6)
  Menkaure (D:5)
  An ogre (D:4)
  2 scorpions
  4 hounds
  A centaur skeleton (D:4)
  An orc wizard (D:6)
  4 gnolls (D:4)
  7 adders
  An adder skeleton (D:4)
  3 worms
  3 dart slugs
  2 leopard geckos
  5 orcs
  2 giant cockroaches
  8 hobgoblins
  7 jackals
  3 quokkas
  4 ball pythons
  8 bats
  7 frilled lizards
  7 goblins
  10 kobolds
  2 leopard gecko skeletons
  8 rats
102 creatures vanquished.

Notes
Turn   | Place    | Note
-------+----------+-------------------------------------------
     0 | D:1      | bulangja the Octopode Fighter began the quest for the Orb.
     0 | D:1      | Reached XP level 1. HP: 16/16 MP: 1/1
   269 | D:1      | Reached skill level 1 in Stealth
   269 | D:1      | Reached XP level 2. HP: 21/21 MP: 2/2
   682 | D:1      | Reached XP level 3. HP: 26/26 MP: 3/3
  1290 | D:2      | Reached skill level 3 in Axes
  1290 | D:2      | Reached XP level 4. HP: 24/31 MP: 4/4
  2287 | D:3      | Found a sparkling altar of Nemelex Xobeh.
  2332 | D:3      | You fall into a shaft and drop 3 floors!
  2405 | D:5      | Entered Level 5 of the Dungeon
  2409 | D:5      | Reached XP level 5. HP: 36/36 MP: 5/5
  2511 | D:4      | Noticed Somebody's ghost (amateur PaWz)
  2520 | D:4      | Reached skill level 4 in Axes
  2545 | D:4      | Found a runed translucent gate.
  2545 | D:4      | Found a runed translucent gate.
  2545 | D:4      | Found a runed translucent gate.
  2585 | D:4      | Reached XP level 6. HP: 28/43 MP: 6/6
  3343 | D:3      | Found a runed translucent gate.
  3351 | D:3      | Found a runed translucent gate.
  3352 | D:3      | Found a runed translucent gate.
  3353 | D:3      | Noticed vurker's ghost (amateur MiHu)
  3353 | D:3      | Noticed SatoMori's ghost (amateur GnCj)
  3353 | D:3      | Noticed p0werm0de's ghost (weakling DDFi)
  3353 | D:3      | Noticed Superazbuka's ghost (amateur DEEE)
  3690 | D:4      | Reached skill level 5 in Axes
  4403 | D:5      | Noticed Menkaure
  4422 | D:5      | Killed Menkaure
  4422 | D:5      | Reached skill level 6 in Axes
  4422 | D:5      | Reached XP level 7. HP: 19/49 MP: 7/7
  4713 | D:5      | Found a staircase to the Ecumenical Temple.
  4793 | Temple   | Entered the Ecumenical Temple
  4900 | Temple   | Became a worshipper of Cheibriados the Contemplative
  5219 | D:5      | Found Cutzae's Weapon Shop.
  5272 | D:5      | Bought a +0 broad axe for 52 gold pieces
  5589 | D:6      | Noticed Maggie
  5597 | D:6      | Killed Maggie
  5597 | D:6      | Reached skill level 7 in Axes
  5597 | D:6      | Reached skill level 1 in Invocations
  5597 | D:6      | Reached XP level 8. HP: 44/54 MP: 7/9
  5662 | D:6      | Noticed Pikel
  5680 | D:6      | HP: 2/54 [Pikel/+1 whip of flaming (1)]
  5681 | D:6      | Slain by Pikel

Illustrated notes

Levels and vault maps discovered:
D:1:      psy_arrival_whirlpool, layout_basic
D:2:      layout_loops_ring
D:3:      layout_basic, gammafunk_ghost_cemetery, cheibrodos_sewer_entry_bend,
          nemelex_diamond_rough_becter
D:4:      layout_loops_cross, gammafunk_ghost_icy
D:5:      layout_loops_cross, minmay_temple_entry_drinking_statues,
          serial_shops, nicolae_shop_window_shopping, kennysheep_path_1,
          uniq_menkaure
D:6:      layout_loops_ring, lemuel_crystal_altar, fedhas_altar_1, uniq_grinder,
          uniq_pikel, uniq_maggie, uniq_edmund
Temple:   regret_index_temple_mists

Skill      XL: |  1  2  3  4  5  6  7  8 |
---------------+-------------------------+-----
Stealth        | 1 |  1.2
Axes           | 3 4 6 7 |  7.1
Dodging        | 4 |  4.4
Fighting       | 4 |  4.9
Invocations    | 1 2 |  2.1
Shields        | |  3.2

Action                   |  1- 3 |  4- 6 |  7- 9 || total
-------------------------+-------+-------+-------++-------
Melee: War axe           |    62 |   129 |     3 ||   194
       Constrict         |    18 |    23 |     8 ||    49
       Tentacles         |    10 |    22 |     7 ||    39
       Broad axe         |       |       |    24 ||    24
Throw: Boomerang         |       |     1 |       ||     1
Invok: Bend Time         |       |       |     1 ||     1
  Use: Scroll            |     1 |       |       ||     1
       Potion            |       |     1 |     3 ||     4
 Stab: Sleeping          |     8 |    11 |       ||    19
       Distracted        |       |     1 |       ||     1
Armor: Skin              |     6 |     7 |     2 ||    15
Dodge: Dodged            |    30 |    60 |    23 ||   113
Block: Kite shield       |    28 |    46 |    17 ||    91

Table legend: (Time is in decaauts)
 A = Elapsed time spent in this place.
 B = Non-inter-level travel time spent in this place.
 C = Inter-level travel time spent in this place.
 D = Time resting spent in this place.
 E = Time spent auto-exploring this place.
 F = Levels seen in this place.
 G = Mean time per level.
                   A        B        C        D        E       F      G
               +--------+--------+--------+--------+--------+-----+--------+
         Total |   5888 |   5737 |    151 |   1097 |   3845 |   7 |  841.1 |
       Dungeon |   5760 |   5630 |    130 |   1097 |   3746 |   6 |  960.0 |
        Temple |    127 |    107 |     20 |      0 |     99 |   1 |  127.0 |
               +--------+--------+--------+--------+--------+-----+--------+

Top non-repeatable levels by time:
     D:5: 1300 daAuts
     D:1: 1225 daAuts
     D:3: 1057 daAuts
     D:2: 1012 daAuts
     D:4: 931 daAuts
     D:6: 233 daAuts
  Temple: 127 daAuts
